 Dungeon Crawl Stone Soup version 0.30.1-11-g7821555f0a (webtiles) character file.

Game seed: 9550339179951695225

18 Mehrunes the Firebug (level 2, 0/18 HPs)
             Began as a Deep Elf Cinder Acolyte on Oct 29, 2023.
             Was an Initiate of Ignis.
             Slain by an adder (2 damage)
             ... on level 2 of the Dungeon.
             The game lasted 00:03:13 (1099 turns).

Mehrunes the Firebug (Deep Elf Cinder Acolyte)      Turns: 1099, Time: 00:03:14

Health: 0/18       AC:  2    Str: 11    XL:     2   Next: 51%
Magic:  1/6        EV: 11    Int: 18    God:    Ignis [......]
Gold:   34         SH:  0    Dex: 10    Spells: 2/4 levels left

rFire   + . .        a - -1 short sword (flame)
rCold   . . .        (no shield)
rNeg    . . .        b - +0 robe
rPois   .            (no helmet)
rElec   .            (no cloak)
rCorr   .            (no gloves)
SInv    .            (no boots)
Will    .....        (no amulet)
Stlth   +            (no ring)
HPRegen 0.23/turn    (no ring)
MPRegen 0.10/turn

%: no passive effects
@: lethally poisoned (0 -> -4)
A: no striking features
a: Renounce Religion


You were on level 2 of the Dungeon.
You worshipped Ignis.
Ignis was noncommittal.
You visited 1 branch of the dungeon, and saw 2 of its levels.

You collected 34 gold pieces.

Inventory:

Hand Weapons
 a - a -1 short sword of flaming (weapon)
Missiles
 d - a throwing net (quivered)
Armour
 b - a +0 robe (worn)
Scrolls
 e - 2 scrolls of identify {unknown}
Potions
 c - a potion of mutation {unknown}


   Skills:
 + Level 2.8 Fighting
 + Level 3.0 Short Blades
 + Level 0.6 Stealth
 + Level 1.5 Spellcasting
 + Level 3.6 Fire Magic


You had 2 spell levels left.
You knew the following spells:

 Your Spells              Type           Power      Damage    Failure   Level
a - Scorch                Fire           28%        2d6       6%          2

Your spell library contained the following spells:

 Spells                   Type           Power      Damage    Failure   Level


Dungeon Overview and Level Annotations

Branches:
Dungeon (2/15)

Altars:


Message History

The bat closely misses you. The adder misses you. The adder bites you.
You are poisoned.
The adder poisons you!
You see here a dart slug corpse.
Casting: Scorch (safe; 6% risk of failure)
Confirm with . or Enter, or press ? or * to list all spells.
You don't have enough magic to cast this spell.
You miss the adder.
You feel sick. The bat misses you. The adder completely misses you.
You miss the adder.
You feel sick. The bat hits you but does no damage. The adder misses you.
You hit the adder. You burn the adder.
The adder is moderately wounded.
You feel sick. The bat closely misses you. The adder misses you.
You closely miss the adder.
The adder is moderately wounded.
You feel sick.
You are no longer poisoned.
The bat hits you but does no damage. The adder barely misses you.
Casting: Scorch (safe; 6% risk of failure)
Confirm with . or Enter, or press ? or * to list all spells.
You don't have enough magic to cast this spell.
You hit the adder but do no damage.
The adder is moderately wounded.
The bat hits you. The adder bites you.
You miss the adder.
The adder is moderately wounded.
The adder bites you. The bat closely misses you.
You hit the adder but do no damage.
The adder is moderately wounded.
The bat hits you. The adder bites you.
* * * LOW HITPOINT WARNING * * *
You are lethally poisoned!
The adder poisons you! The adder closely misses you.
You completely miss the adder.
The adder is moderately wounded.
* * * LOW HITPOINT WARNING * * *
You feel sick. The bat hits you but does no damage. The adder bites you.
You die...

##....#..#.#
##..#......##..## .#
##.<#.##.####.... .#
##.>.....# #.... ..#
......#######...# ..#
##.####.....#...##..#
#.## .........b...#
#..# .........S.#
##.# .........@# #.#
....#...## #.# #
##†.# ###.#### ##.#
#......##### #.#
#.#.##.....# #.#
#.#.##.....## #.# #
#.........###.#
####..........#


You could see an adder and a bat.

Vanquished Creatures
  2 dart slugs
  3 endoplasms
  A goblin (D:1)
  2 hobgoblins
  3 bats
  A frilled lizard (D:2)
  2 kobolds (D:1)
14 creatures vanquished.

Vanquished Creatures (collateral kills)
  A foxfire (D:1)
1 creature vanquished.

Vanquished Creatures (others)
  102 foxfires (D:1)
102 creatures vanquished.

Grand Total: 117 creatures vanquished

Notes
Turn   | Place    | Note
-------+----------+-------------------------------------------
     0 | D:1      | Mehrunes the Deep Elf Cinder Acolyte began the quest for
                  | the Orb.
     0 | D:1      | Reached XP level 1. HP: 13/13 MP: 5/5
   185 | D:1      | Reached XP level 2. HP: 18/18 MP: 6/6
  1052 | D:2      | Learned a level 2 spell: Scorch
  1099 | D:2      | Slain by an adder

Illustrated notes

Levels and vault maps discovered:
D:1:      spicycebolla_arrival_ecumenical, layout_basic, serial_curves,
          eino_curves_01, eino_curves_02, minmay_misc_feat_rugged
D:2:      layout_loops_cross

Action                     || total
---------------------------++-------
  Melee: Short sword       ||    19
   Cast: Scorch            ||     3
 Invoke: Foxfire Swarm     ||     8
         Fiery Armour      ||     1
         Rising Flame      ||     1
 Armour: Robe              ||    14
  Dodge: Dodged            ||    34
